 Dungeon Crawl Stone Soup version 0.24.0-125-gc4c63601f3 (console) character file.

Game seed: 8292937073823594795, levelgen mode: deterministic

6983 Cab the Artisan of Death (level 10, 0/65 HPs)
             Began as a Mummy Necromancer on Feb 28, 2020.
             Was a Priest of Kikubaaqudgha.
             Slain by a freezing wraith (3 damage)
             ... in an ice cave.
             The game lasted 01:15:28 (11695 turns).

Cab the Artisan of Death (Mummy Necromancer)       Turns: 11695, Time: 01:15:29

Health: 0/65       AC:  7    Str: 12    XL:     10   Next: 81%
Magic:  16/29      EV: 11    Int: 18    God:    Kikubaaqudgha [***...]
Gold:   343        SH:  0    Dex: 12    Spells: 5/23 levels left

rFire    x . .     SeeInvis .   t - +2 battleaxe
rCold    + + +     Gourm    .   (shield currently unavailable)
rNeg     + + +     Faith    .   m - +0 leather armour {rC+}
rPois    ∞         Spirit   .   b - +1 helmet
rElec    .         Reflect  .   p - +0 cloak
rCorr    .         Harm     .   k - +0 pair of gloves
MR       +....                  (no boots)
Stlth    ++........             (no amulet)
HPRegen  0.20/turn              c - ring of magical power
MPRegen  0.21/turn              e - ring of protection from cold

@: slowed, very slow
A: no food or potions, fire vulnerability, cold resistance 1, negative energy
resistance 3, torment resistance, unbreathing
a: Receive Corpses, Renounce Religion


You were in an ice cave.
You worshipped Kikubaaqudgha.
Kikubaaqudgha was most pleased with you.
You were not hungry.

You visited 2 branches of the dungeon, and saw 10 of its levels.
You also visited: Bailey and Ice Cave.

You collected 499 gold pieces.
You spent 156 gold pieces at shops.

Inventory:

Hand Weapons
 f - a +2 dagger of venom
 t - a +2 battleaxe (weapon)
Armour
 b - a +1 helmet (worn)
 k - a +0 pair of gloves (worn)
 m - a +0 leather armour of cold resistance (worn)
 p - a +0 cloak (worn)
 s - the +0 robe of a Billion Ghosts {+Fly Int+2}
   (You found it on level 7 of the Dungeon)

   It affects your intelligence (+2).
   It lets you fly.
Jewellery
 c - a ring of magical power (left hand)
 e - a ring of protection from cold (right hand)
 r - an uncursed ring of resist corrosion
Wands
 a - a wand of digging (5)
 l - a wand of enslavement (3)
 q - a wand of clouds (9)
Scrolls
 d - a scroll of enchant weapon
 g - 2 scrolls of random uselessness
 h - 3 scrolls of teleportation
 i - 3 scrolls of remove curse
 j - 4 scrolls of amnesia
 n - 2 scrolls of immolation
 o - 2 scrolls of blinking
 u - a scroll of noise


   Skills:
 - Level 1.0 Fighting
 - Level 1.6 Dodging
 - Level 1.6 Stealth
 + Level 7.3 Spellcasting
 * Level 15.2 Necromancy


You had 5 spell levels left.
You knew the following spells:

 Your Spells              Type           Power        Failure   Level  Hunger
a - Pain                  Necr           ####         1%          1    N/A
b - Vampiric Draining     Necr           ######....   1%          3    N/A
c - Animate Dead          Necr           N/A          1%          4    N/A
d - Agony                 Necr           ######..     1%          5    N/A
e - Dispel Undead         Necr           ######..     1%          5    N/A

Your spell library contained the following spells:

 Spells                   Type           Power        Failure   Level  Hunger
 Animate Skeleton         Necr           N/A          1%          1    N/A
 Corpse Rot               Necr           N/A          1%          2    N/A
 Corona                   Hex            #......      14%         1    N/A
 Flame Tongue             Conj/Fire      #....        14%         1    N/A
 Borgnjor's Vile Clutch   Necr/Erth      ####......   16%         5    N/A
 Ensorcelled Hibernation  Hex/Ice        #.....       21%         2    N/A
 Sticks to Snakes         Tmut           #.......     21%         2    N/A
 Throw Flame              Conj/Fire      #.....       21%         2    N/A
 Confuse                  Hex            #.......     38%         3    N/A
 Conjure Flame            Conj/Fire      #.......     38%         3    N/A
 Dazzling Spray           Conj/Hex       #.....       38%         3    N/A
 Inner Flame              Hex/Fire       #.......     38%         3    N/A
 Tukima's Dance           Hex            #.......     38%         3    N/A
 Sticky Flame             Conj/Fire      #.......     80%         4    N/A
 Bolt of Magma            Conj/Fire/Erth #.........   98%         5    N/A
 Fireball                 Conj/Fire      #.........   98%         5    N/A
 Iskenderun's Battlesphe  Conj/Chrm      #.......     98%         5    N/A
 Venom Bolt               Conj/Pois      #.........   98%         5    N/A
 Death Channel            Necr           ######....   4%          6    N/A
 Iron Shot                Conj/Erth      #.........   100%        6    N/A
 Orb of Destruction       Conj           #.........   100%        7    N/A
 Spellforged Servitor     Conj/Summ      #.........   100%        7    N/A
 Regeneration             Chrm/Necr      Unusable     N/A         3    N/A
 Beastly Appendage        Tmut           Unusable     N/A         1    N/A
 Spider Form              Tmut/Pois      Unusable     N/A         3    N/A
 Ice Form                 Ice/Tmut       Unusable     N/A         4    N/A
 Blade Hands              Tmut           Unusable     N/A         5    N/A

Dungeon Overview and Level Annotations

Branches:
Dungeon (9/15)             Temple (0/1) D:5            Lair (1/6) D:9
 Bailey (visited)           IceCv (1/1)
    Orc: D:9-12

Altars:
Ashenzari
Elyvilon
Fedhas
Kikubaaqudgha
Nemelex Xobeh
Ru
Sif Muna
Trog
Uskayaw
Zin

Shops:
D:5 ?

Annotations:
D:3 Sigmund
D:9 Erica


Innate Abilities, Weirdness & Mutations

You do not eat or drink.
Your flesh is vulnerable to fire.
You are immune to poison.
Your flesh is cold resistant. (rC+)
You are immune to negative energy. (rN+++)
You are immune to unholy pain and torment.
You can survive without breathing.


Message History

The freezing wraith drains your vigour!
You feel yourself slow down.
The freezing wraith completely misses you.
The freezing wraith barely misses you.
Your rime drake zombie closely misses the freezing wraith.
Your rime drake zombie barely misses the freezing wraith.
The freezing wraith barely misses your rime drake zombie.
The freezing wraith hits your rime drake zombie.
Your rime drake zombie bites the freezing wraith but does no damage.
Your rime drake zombie bites the freezing wraith.
Your yak zombie gores the freezing wraith.
Your rime drake zombie bites the freezing wraith but does no damage.
Press: ? - help, v - describe, . - travel
Here: a freezing wraith (moderately damaged)
The floor.
Your rime drake zombie barely misses the freezing wraith.
The freezing wraith hits you.
* * * LOW HITPOINT WARNING * * *
The freezing wraith freezes you. You resist.
You die...
Kikubaaqudgha rasps: "You have failed me!
Welcome... oblivion!"

▒∙∙▒▒▒▒∙∙∙∙▒ ▒▒∙∙▒
▒▒∙∙∙▒ ▒▒∙∙▒▒ ▒▒∙▒▒
▒▒∙∙∙▒ ▒▒▒ ▒▒▒▒ ▒▒Z∙∙∙▒▒
▒▒∙∙▒▒ ▒▒▒▒ ▒∙∙∙∙∙∙▒
▒▒∙∙∙∙▒▒▒▒▒∙∙▒▒▒▒Z∙∙∙∙▒▒
▒∙∙∙∙∙∙∙▒▒∙∙∙∙▒▒ZZ∙∙∙∙∙▒
▒∙∩∙∩∙∙∙∙∙∙∙▒∙@WW∙∙∙∙∙∙▒
▒∙∙∙∙∙∙∙∙∙∙▒▒▒∙∙∙∙∙∙∙∙∙▒
▒▒∙∙∙∙▒▒∙∙▒▒ ▒▒▒∙∙∙∙∙∙▒▒
▒▒∙∙▒▒▒▒▒▒ ▒▒∙∙∙∙∙▒ ▒▒▒▒
∙∙∙∙∙∙▒ ▒▒∙∙∙∙▒▒ ▒▒∙∙▒▒
▒▒▒▒


You could see 2 freezing wraiths, a friendly yak zombie and 2 friendly rime
drake zombies.

Vanquished Creatures
  A two-headed ogre (D:8)
  A centaur zombie (D:8)
  Prince Ribbit (D:9)
  2 polar bears (D:9)
  3 yaks
  A water moccasin (D:9)
  3 porcupines
  An orc warrior (D:6)
  6 ice beasts
  2 black bears
  A phantom (D:9)
  5 ogres
  A wolf (D:9)
  2 centaurs
  3 crocodiles
  6 bullfrogs
  3 killer bees (D:8)
  3 howler monkeys
  An electric eel (D:9)
  A bullfrog zombie (D:7)
  4 crimson imps
  A jelly (D:7)
  4 hounds
  An orc priest (D:8)
  A bullfrog skeleton (D:8)
  Ijyb (D:4)
  A centaur skeleton (D:8)
  Jessica (D:3)
  Terence (D:3)
  3 iguanas
  An orc wizard (D:6)
  3 worker ants
  A wolf simulacrum (IceCv)
  A bullfrog simulacrum (D:9)
  Robin (D:4)
  5 gnolls
  9 adders
  4 white imps (IceCv)
  A worker ant simulacrum (D:9)
  2 oozes
  2 adder skeletons
  An adder zombie (D:6)
  4 worms
  A dart slug (D:2)
  2 leopard geckos (D:2)
  8 orcs
  A ball python (D:1)
  5 giant cockroaches
  15 goblins
  10 hobgoblins
  9 jackals
  5 quokkas
  7 bats
  5 frilled lizards
  5 kobolds
  10 rats
183 creatures vanquished.

Vanquished Creatures (collateral kills)
  2 ice devils (Lair:1)
  3 yaks (D:9)
  A black bear (D:9)
  A porcupine (D:9)
  A phantom (D:6)
  2 ice beasts (IceCv)
  An alligator simulacrum (IceCv)
  2 centaurs
  An ogre (D:9)
  A scorpion (D:7)
  7 wights (D:7)
  A howler monkey (D:9)
  A quasit (D:7)
  A bullfrog skeleton (D:6)
  2 polar bear simulacra (IceCv)
  A hound skeleton (D:5)
  4 white imps
  An adder skeleton (D:9)
  An adder simulacrum (D:9)
  A kobold zombie (D:7)
35 creatures vanquished.

Vanquished Creatures (others)
  27 fungi (D:9)
  10 plants (D:9)
37 creatures vanquished.

Grand Total: 255 creatures vanquished

Notes
Turn   | Place    | Note
-------+----------+-------------------------------------------
     0 | D:1      | Cab the Mummy Necromancer began the quest for the Orb.
     0 | D:1      | Reached XP level 1. HP: 13/13 MP: 4/4
    87 | D:1      | Found an ancient bone altar of Kikubaaqudgha.
   170 | D:1      | Became a worshipper of Kikubaaqudgha
   185 | D:1      | Reached XP level 2. HP: 19/19 MP: 5/5
   851 | D:2      | Reached XP level 3. HP: 24/24 MP: 7/7
   857 | D:2      | Learned a level 3 spell: Vampiric Draining
   863 | D:2      | Reached * piety under Kikubaaqudgha
   863 | D:2      | Identified Kikubaaqudgha's Collected Works on Dark Secrets
                  | (Kikubaaqudgha gifted it to you on level 2 of the Dungeon)
   863 | D:2      | Received a gift from Kikubaaqudgha
   863 | D:2      | Reached skill level 5 in Necromancy
  1057 | D:2      | Reached XP level 4. HP: 30/30 MP: 8/8
  1063 | D:2      | Learned a level 4 spell: Animate Dead
  1571 | D:3      | Noticed Jessica
  1574 | D:3      | Killed Jessica
  1574 | D:3      | Reached skill level 6 in Necromancy
  1863 | D:3      | Found a sparkling altar of Nemelex Xobeh.
  1865 | D:3      | Found a shattered altar of Ashenzari.
  1865 | D:3      | Noticed Sigmund
  1955 | D:3      | Reached XP level 5. HP: 35/35 MP: 9/9
  2031 | D:3      | Noticed Terence
  2035 | D:3      | Killed Terence
  2584 | D:4      | Noticed Ijyb
  2592 | D:4      | Killed Ijyb
  2847 | D:4      | Reached XP level 6. HP: 41/41 MP: 12/12
  2886 | D:4      | Reached ** piety under Kikubaaqudgha
  2949 | D:4      | Noticed Robin
  2971 | D:4      | Killed Robin
  3532 | D:3      | Reached skill level 7 in Necromancy
  3968 | D:5      | Entered Level 5 of the Dungeon
  3968 | D:5      | Found Saisop's Magic Scroll Shoppe.
  3971 | D:5      | Bought a scroll of immolation for 42 gold pieces
  3971 | D:5      | Bought a scroll of blinking for 90 gold pieces
  3971 | D:5      | Bought a scroll of identify for 24 gold pieces
  4569 | D:5      | Found a staircase to the Ecumenical Temple.
  4853 | D:6      | Reached XP level 7. HP: 46/46 MP: 13/13
  5024 | D:6      | Reached skill level 8 in Necromancy
  5216 | D:6      | Reached skill level 9 in Necromancy
  5894 | D:6      | Reached XP level 8. HP: 52/52 MP: 14/14
  6020 | D:6      | Found a bloodstained altar of Trog.
  6306 | D:7      | Reached skill level 10 in Necromancy
  6698 | D:7      | Reached skill level 5 in Spellcasting
  6727 | D:7      | Got a slimy robe
  6741 | D:7      | Identified the +0 robe of a Billion Ghosts {+Fly Int+2}
                  | (You found it on level 7 of the Dungeon)
  7063 | D:7      | Reached skill level 1 in Fighting
  7397 | D:7      | Reached skill level 11 in Necromancy
  7429 | D:8      | Reached *** piety under Kikubaaqudgha
  7429 | D:8      | Identified Kikubaaqudgha's Disquisition on Unholy Magic
                  | (Kikubaaqudgha gifted it to you on level 8 of the Dungeon)
  7429 | D:8      | Received a gift from Kikubaaqudgha
  7445 | D:8      | Found a flagged portal.
  7453 | D:8      | Learned a level 5 spell: Agony
  7459 | D:8      | Learned a level 5 spell: Dispel Undead
  7483 | D:8      | Found a sacrificial altar of Ru.
  7505 | Bailey   | Entered a bailey
  7506 | Bailey   | Noticed an orc knight
  7737 | D:8      | Found a glowing silver altar of Zin.
  7762 | D:8      | Reached XP level 9. HP: 51/59 MP: 18/18
  8071 | D:8      | Noticed a two-headed ogre
  8079 | D:8      | Killed a two-headed ogre
  8079 | D:8      | Reached skill level 12 in Necromancy
  8366 | D:9      | Found a blossoming altar of Fedhas.
  8378 | D:9      | Found a hide-covered altar of Uskayaw.
  8389 | D:9      | Found a bloodstained altar of Trog.
  8539 | D:9      | Reached skill level 13 in Necromancy
  8898 | D:9      | Reached XP level 10. HP: 56/65 MP: 18/19
  8899 | D:9      | Found a staircase to the Lair.
  9151 | D:9      | Found a shimmering blue altar of Sif Muna.
  9480 | D:9      | Reached skill level 14 in Necromancy
  9617 | D:9      | Reached **** piety under Kikubaaqudgha
  9998 | D:9      | Found a white marble altar of Elyvilon.
  9999 | D:9      | Noticed Prince Ribbit
 10027 | D:9      | Killed Prince Ribbit
 10089 | D:9      | Noticed Erica
 10670 | Lair:1   | Entered Level 1 of the Lair of Beasts
 10809 | Lair:1   | Reached skill level 15 in Necromancy
 10812 | Lair:1   | Found a frozen archway.
 11179 | IceCv    | Entered an ice cave
 11695 | IceCv    | HP: 3/65 [freezing wraith (5)]
 11695 | IceCv    | Slain by a freezing wraith

Levels and vault maps discovered:
D:1:      lemuel_arrival_rhombus, layout_basic, minmay_hexomino_r4
D:2:      layout_basic, cheibrodos_gnoll_hut
D:3:      layout_basic, chequers_temple_overflow_statue_of_worship,
          uniq_terence, uniq_jessica, uniq_sigmund
D:4:      kennysheep_goblin_castle, layout_loops_cross, first_ration, uniq_ijyb
D:5:      layout_basic, minmay_temple_entry_waves, serial_shops, shop,
          serial_glass, glass_columns_b, glass_columns_b
D:6:      layout_cave_pods, basic_altar
D:7:      layout_cave_pods, enter_ossuary_3
D:8:      layout_rooms, kennysheep_mini, basic_altar, enter_bailey_2
D:9:      layout_loops_ring, minmay_overflow_temple_star_quad,
          lemuel_doored_altar, nicolae_overflow_hidden_temple,
          due_lair_maze_entry_diamond, serial_ice, serial_ice_a, serial_ice_k,
          serial_ice_e, serial_ice_f, uniq_prince_ribbit1, uniq_erica
Lair:1:   layout_chaotic_city, portal_ice_cave_demonic_guard, grunt_megastairs_1
IceCv:    ice_cave_small_necro

Skill      XL: |  1  2  3  4  5  6  7  8  9 10 |
---------------+-------------------------------+-----
Necromancy     | 5 6 7 9 11 13 15 | 15.2
Spellcasting   | 3 4 6 7 |  7.3
Fighting       | 1 |  1.0
Dodging        | |  1.6
Stealth        | |  1.6

Action                   |  1- 3 |  4- 6 |  7- 9 | 10-12 || total
-------------------------+-------+-------+-------+-------++-------
Melee: Dagger            |     1 |    82 |   171 |    48 ||   302
       War axe           |       |       |    17 |       ||    17
       Battleaxe         |       |       |     6 |    19 ||    25
 Cast: Pain              |    63 |   132 |    58 |    32 ||   285
       Vampiric Draining |     1 |     9 |    46 |    30 ||    86
       Animate Dead      |       |     3 |    12 |    11 ||    26
       Agony             |       |       |    11 |    10 ||    21
       Dispel Undead     |       |       |     4 |     4 ||     8
Invok: Receive Corpses   |       |       |     4 |     7 ||    11
  Use: Scroll            |       |     6 |     6 |     1 ||    13
 Stab: Distracted        |       |       |     1 |     2 ||     3
Armor: Robe              |     5 |     3 |    48 |    16 ||    72
       Leather armour    |       |    49 |    49 |    31 ||   129
Dodge: Dodged            |     7 |    84 |   187 |    80 ||   358
